MLB
BOSTON RED SOX @ HOUSTON ASTROS
06/03/2018
 
TOP OF THE 1ST
Boston Red Sox batting - Pitching for Houston Astros : LHP Blake Snell
Pitching: LHP Blake Snell
Batting: RHB Cesar Puello 0-0: Called Strike
0-1: SINGLE (Groundball, 6D)
Batting: LHB Daniel Descalso 0-0: Called Strike
0-1: Foul Ball, location: 2F
0-2: Ball
Cesar Puello is caught stealing 2nd base 2-6
1-2: Ball
2-2: Ball
3-2: Strikes out swinging
Batting: RHB Yasiel Puig 0-0: Fly out, F8 (Line Drive, 8LD)
Top of the 1st over - 0 runs, 1 hit, 0 errors, 0 left on base; Boston 0 - Houston 0
BOTTOM OF THE 1ST
Houston Astros batting - Pitching for Boston Red Sox : RHP Noah Syndergaard
Pitching: RHP Noah Syndergaard
Batting: LHB Gregory Polanco 0-0: Ball
1-0: SINGLE (Groundball, 6D)
Batting: RHB Xander Bogaerts 0-0: Swinging Strike
0-1: Swinging Strike
0-2: Ball
1-2: Ball
2-2: Strikes out looking
Batting: LHB Rougned Odor 0-0: Foul Ball, location: 2F
0-1: Ball
1-1: Ball
2-1: Swinging Strike
2-2: Hit by Pitch
Gregory Polanco to second
Batting: LHB Jason Heyward 0-0: Ball
Gregory Polanco is caught stealing 3rd base 2-5
1-0: Fielders Choice at 2nd, U6 (Groundball, 4)
Bottom of the 1st over - 0 runs, 1 hit, 0 errors, 1 left on base; Boston 0 - Houston 0
TOP OF THE 2ND
Boston Red Sox batting - Pitching for Houston Astros : LHP Blake Snell
Batting: RHB Travis d'Arnaud 0-0: Ground out 5-3 (Groundball, 56)
Batting: LHB Matt Adams 0-0: Ball
1-0: Ground out 4-3 (Groundball, 34)
Batting: SHB Yangervis Solarte 0-0: Ground out 4-3 (Groundball, 4)
Top of the 2nd over - 0 runs, 0 hits, 0 errors, 0 left on base; Boston 0 - Houston 0
BOTTOM OF THE 2ND
Houston Astros batting - Pitching for Boston Red Sox : RHP Noah Syndergaard
Batting: LHB Dominic Smith 0-0: Ball
1-0: Called Strike
1-1: Ground out 2-3 (Groundball, 13S)
Batting: RHB Josh Harrison 0-0: Called Strike
0-1: Ball
1-1: Called Strike
1-2: Fly out, F7 (Flyball, 78M)
Batting: RHB Teoscar Hernandez 0-0: SINGLE (Groundball, 4D)
Batting: LHB Brock Holt 0-0: Ball
Teoscar Hernandez is caught stealing 2nd base 2-6
Bottom of the 2nd over - 0 runs, 1 hit, 0 errors, 0 left on base; Boston 0 - Houston 0
TOP OF THE 3RD
Boston Red Sox batting - Pitching for Houston Astros : LHP Blake Snell
Batting: LHB Derek Dietrich 0-0: Called Strike
0-1: Called Strike
0-2: Strikes out looking
Batting: LHB J.P. Crawford 0-0: Foul Ball, location: 2F
0-1: Ball
1-1: Ball
2-1: Foul Ball, location: 2F
2-2: Ball
3-2: Foul Ball, location: 2F
3-2: TRIPLE (Line Drive, 89XD)
Batting: LHB Jackie Bradley Jr. 0-0: Ball
1-0: Ball
2-0: Ground out U3 (Groundball, 3L)
Batting: RHB Cesar Puello 0-0: SINGLE (Line Drive, 89S)
J.P. Crawford scores
Batting: LHB Daniel Descalso 0-0: Called Strike
0-1: Called Strike
0-2: Ball
1-2: Strikes out swinging
Top of the 3rd over - 1 run, 2 hits, 0 errors, 1 left on base; Boston 1 - Houston 0
BOTTOM OF THE 3RD
Houston Astros batting - Pitching for Boston Red Sox : RHP Noah Syndergaard
Batting: LHB Brock Holt 0-0: Ball
1-0: Ground out 4-3 (Groundball, 4)
Batting: RHB Welington Castillo 0-0: Foul Ball, location: 2F
0-1: Ball
1-1: Fly out, F9 (Flyball, 9LS)
Batting: LHB Gregory Polanco 0-0: Called Strike
0-1: Ball
1-1: Ball
2-1: Foul Ball, location: 2F
2-2: Ball
3-2: Strikes out looking
Bottom of the 3rd over - 0 runs, 0 hits, 0 errors, 0 left on base; Boston 1 - Houston 0
TOP OF THE 4TH
Boston Red Sox batting - Pitching for Houston Astros : LHP Blake Snell
Batting: RHB Yasiel Puig 0-0: Ball
1-0: Ball
2-0: SINGLE (Flyball, 7LM)
Batting: RHB Travis d'Arnaud 0-0: Swinging Strike
Passed Ball!
Yasiel Puig to second
0-1: Ground out 6-3 (Groundball, 6)
Batting: LHB Matt Adams 0-0: Ball
1-0: Ball
2-0: Swinging Strike
2-1: Ball
3-1: Fly out, F9 (Flyball, 9)
Batting: SHB Yangervis Solarte 0-0: Fly out, F3 (Popup, 3)
Top of the 4th over - 0 runs, 1 hit, 0 errors, 1 left on base; Boston 1 - Houston 0
BOTTOM OF THE 4TH
Houston Astros batting - Pitching for Boston Red Sox : RHP Noah Syndergaard
Batting: RHB Xander Bogaerts 0-0: Fly out, F7 (Line Drive, 7)
Batting: LHB Rougned Odor 0-0: Called Strike
0-1: Ball
1-1: Called Strike
1-2: Ball
2-2: Strikes out swinging
Batting: LHB Jason Heyward 0-0: Ball
1-0: Called Strike
1-1: Called Strike
1-2: Ball
2-2: Ground out 3-1 (Groundball, 34)
Bottom of the 4th over - 0 runs, 0 hits, 0 errors, 0 left on base; Boston 1 - Houston 0
TOP OF THE 5TH
Boston Red Sox batting - Pitching for Houston Astros : LHP Blake Snell
Batting: LHB Derek Dietrich 0-0: Swinging Strike
0-1: Foul Ball, location: 2F
0-2: SINGLE (Flyball, 78S)
Batting: LHB J.P. Crawford 0-0: Foul Ball, location: 2F
0-1: Fielders Choice at 2nd, 4-6 (Groundball, 34)
Batting: LHB Jackie Bradley Jr. 0-0: Ball
1-0: Ball
2-0: Ball
3-0: Called Strike
3-1: Foul Ball, location: 2F
3-2: Foul Ball, location: 2F
3-2: SINGLE (Line Drive, 7S)
J.P. Crawford to second
Batting: RHB Cesar Puello 0-0: Called Strike
0-1: Ball
1-1: 3-RUN HOME RUN (Flyball, 89XD), Distance : 401 ft
Batting: LHB Daniel Descalso 0-0: Called Strike
0-1: Ball
1-1: Ball
2-1: Foul Ball, location: 2F
2-2: Ground out 6-3 (Groundball, 6M)
Batting: RHB Yasiel Puig 0-0: Ball
1-0: Called Strike
1-1: Called Strike
1-2: Ball
2-2: Strikes out swinging
Top of the 5th over - 3 runs, 3 hits, 0 errors, 0 left on base; Boston 4 - Houston 0
BOTTOM OF THE 5TH
Houston Astros batting - Pitching for Boston Red Sox : RHP Noah Syndergaard
Batting: LHB Dominic Smith 0-0: Foul Ball, location: 2F
0-1: Called Strike
0-2: Ball
1-2: Foul Ball, location: 2F
1-2: Ball
2-2: Strikes out swinging
Batting: RHB Josh Harrison 0-0: Ball
1-0: Ball
2-0: Foul Ball, location: 2F
2-1: SINGLE (Groundball, 6M) (infield hit)
Batting: RHB Teoscar Hernandez 0-0: Ball
1-0: Swinging Strike
1-1: Swinging Strike
1-2: Ball
2-2: Ball
3-2: Strikes out looking
Batting: LHB Brock Holt 0-0: Ball
Josh Harrison to 3rd
Josh Harrison to third
1-0: SINGLE (Line Drive, 56)
Josh Harrison scores
Batting: RHB Welington Castillo 0-0: Ball
1-0: Fly out, F5 (Popup, 56S)
Bottom of the 5th over - 1 run, 2 hits, 1 error, 1 left on base; Boston 4 - Houston 1
TOP OF THE 6TH
Boston Red Sox batting - Pitching for Houston Astros : LHP Blake Snell
Batting: RHB Travis d'Arnaud 0-0: Ball
1-0: SINGLE (Flyball, 9S)
Pitching: RHP Paul Sewald
Batting: LHB Matt Adams 0-0: Swinging Strike
0-1: Swinging Strike
0-2: Foul Ball, location: 2F
0-2: Ball
1-2: Strikes out swinging
Batting: SHB Yangervis Solarte 0-0: Called Strike
0-1: Called Strike
0-2: Fly out, F8 (Line Drive, 8LD)
Batting: LHB Derek Dietrich 0-0: Reached on error, E4 (Groundball, 34)
Travis d'Arnaud to third
Batting: LHB J.P. Crawford 0-0: Ball
1-0: Ball
2-0: Ball
3-0: Called Strike
3-1: Swinging Strike
3-2: Ground out 4-3 (Groundball, 4)
Top of the 6th over - 0 runs, 1 hit, 1 error, 2 left on base; Boston 4 - Houston 1
BOTTOM OF THE 6TH
Houston Astros batting - Pitching for Boston Red Sox : RHP Noah Syndergaard
Batting: LHB Gregory Polanco 0-0: Ball
1-0: Bunt for hit to 23 - play at first, batter OUT! 3-4
Batting: RHB Xander Bogaerts 0-0: Ball
1-0: Ball
2-0: Fly out, F7 (Flyball, 78M)
Batting: LHB Rougned Odor 0-0: Ball
1-0: Ball
2-0: SOLO HOME RUN (Flyball, 89XD), Distance : 423 ft
Batting: LHB Jason Heyward 0-0: Ball
1-0: Ball
2-0: Ground out 4-3 (Groundball, 4)
Bottom of the 6th over - 1 run, 1 hit, 0 errors, 0 left on base; Boston 4 - Houston 2
TOP OF THE 7TH
Boston Red Sox batting - Pitching for Houston Astros : RHP Paul Sewald
Pitching: LHP Chris Rusin
Batting: LHB Jackie Bradley Jr. 0-0: Called Strike
0-1: Ball
1-1: Ball
2-1: Foul Ball, location: 2F
2-2: Strikes out looking
Batting: RHB Cesar Puello 0-0: SINGLE (Groundball, 6M) (infield hit)
Batting: LHB Daniel Descalso 0-0: Called Strike
0-1: Called Strike
0-2: Strikes out swinging
Batting: RHB Yasiel Puig 0-0: Ball
1-0: Called Strike
1-1: Swinging Strike
1-2: Foul Ball, location: 2F
1-2: Foul Ball, location: 2F
1-2: Ball
Cesar Puello steals 2nd base
2-2: Foul Ball, location: 2F
2-2: Strikes out swinging
Top of the 7th over - 0 runs, 1 hit, 0 errors, 1 left on base; Boston 4 - Houston 2
BOTTOM OF THE 7TH
Houston Astros batting - Pitching for Boston Red Sox : RHP Noah Syndergaard
Batting: LHB Dominic Smith 0-0: Ball
1-0: Ball
2-0: Foul Ball, location: 2F
2-1: Ball
3-1: Swinging Strike
3-2: Foul Ball, location: 2F
3-2: Foul Ball, location: 2F
3-2: Fly out, F8 (Flyball, 89D)
Batting: RHB Josh Harrison 0-0: Fly out, F7 (Flyball, 7LD)
Batting: RHB Teoscar Hernandez 0-0: SINGLE (Groundball, 6MD)
Batting: LHB Brock Holt 0-0: SINGLE (Groundball, 3D)
Teoscar Hernandez to second
Runner from 2nd tries for 3rd, SAFE, no throw by RF
Batting: RHB Welington Castillo 0-0: Called Strike
0-1: Swinging Strike
0-2: Ball
1-2: Ball
2-2: Ball
3-2: Strikes out swinging
Bottom of the 7th over - 0 runs, 2 hits, 0 errors, 2 left on base; Boston 4 - Houston 2
TOP OF THE 8TH
Boston Red Sox batting - Pitching for Houston Astros : LHP Chris Rusin
Pitching: RHP Tony Zych
Batting: RHB Travis d'Arnaud 0-0: Ball
1-0: Foul Ball, location: 2F
1-1: Foul Ball, location: 2F
1-2: Strikes out looking
Batting: LHB Matt Adams 0-0: Foul Ball, location: 2F
0-1: Ball
1-1: Called Strike
1-2: Strikes out looking
Batting: SHB Yangervis Solarte 0-0: Ball
1-0: Called Strike
1-1: Called Strike
1-2: Ball
2-2: Foul Ball, location: 2F
2-2: Foul Ball, location: 2F
2-2: Strikes out looking
Top of the 8th over - 0 runs, 0 hits, 0 errors, 0 left on base; Boston 4 - Houston 2
BOTTOM OF THE 8TH
Houston Astros batting - Pitching for Boston Red Sox : RHP Noah Syndergaard
Batting: LHB Gregory Polanco 0-0: Ball
1-0: Fly out, F8 (Line Drive, 8LD)
Batting: RHB Xander Bogaerts 0-0: Called Strike
0-1: Ball
1-1: Ball
2-1: Foul Ball, location: 2F
2-2: DOUBLE (Line Drive, 8RXD)
Pitching: RHP Liam Hendriks
Batting: LHB Rougned Odor 0-0: Ball
1-0: DOUBLE (Line Drive, 78D)
Xander Bogaerts scores
Batting: LHB Jason Heyward 0-0: Called Strike
0-1: Ball
1-1: Swinging Strike
1-2: Fly out, F3 (Line Drive, 3)
Batting: LHB Dominic Smith 0-0: Ball
1-0: Called Strike
1-1: Fly out, F9 (Line Drive, 9)
Bottom of the 8th over - 1 run, 2 hits, 0 errors, 1 left on base; Boston 4 - Houston 3
TOP OF THE 9TH
Boston Red Sox batting - Pitching for Houston Astros : RHP Tony Zych
Pitching: LHP A.J. Minter
Batting: LHB Derek Dietrich 0-0: Ball
1-0: Ball
2-0: Ball
3-0: Called Strike
3-1: Base on Balls
Pinch Hitting: RHB Yoenis Cespedes 0-0: Fly out, F7 (Flyball, 7S)
Batting: LHB Jackie Bradley Jr. 0-0: Ball
1-0: Ball
2-0: Ball
3-0: Called Strike
3-1: Base on Balls
Derek Dietrich to second
Batting: RHB Cesar Puello 0-0: Fly out, F9 (Flyball, 9)
Batting: LHB Daniel Descalso 0-0: Foul Ball, location: 2F
0-1: Ball
1-1: Foul Ball, location: 2F
1-2: Ball
2-2: Ball
3-2: Base on Balls
Derek Dietrich to third
Jackie Bradley Jr. to second
Batting: RHB Yasiel Puig 0-0: Called Strike
0-1: Ball
1-1: Ball
2-1: GRAND SLAM HOME RUN (Flyball, 7D), Distance : 417 ft
Pitching: RHP Jose Urena
Batting: RHB Travis d'Arnaud 0-0: Ball
1-0: Called Strike
1-1: Swinging Strike
1-2: SINGLE (Groundball, 56D)
Batting: LHB Matt Adams 0-0: Called Strike
0-1: Ball
1-1: Ball
2-1: Ball
3-1: Foul Ball, location: 2F
3-2: Strikes out swinging
Top of the 9th over - 4 runs, 2 hits, 0 errors, 1 left on base; Boston 8 - Houston 3
BOTTOM OF THE 9TH
Houston Astros batting - Pitching for Boston Red Sox : RHP Liam Hendriks
Now in LF: Yoenis Cespedes
Batting: RHB Josh Harrison 0-0: Ball
1-0: Ball
2-0: Foul Ball, location: 2F
2-1: Ball
3-1: Foul Ball, location: 2F
3-2: Foul Ball, location: 2F
3-2: Base on Balls
Batting: RHB Teoscar Hernandez 0-0: Foul Ball, location: 2F
0-1: Ball
1-1: Ball
2-1: Fly out, F8 (Flyball, 8LXD)
Batting: LHB Brock Holt 0-0: Ball
1-0: Swinging Strike
1-1: Foul Ball, location: 2F
1-2: Ball
2-2: SINGLE (Line Drive, 8LS)
Josh Harrison to second
Pitching: RHP Tyler Chatwood
Batting: RHB Welington Castillo 0-0: Foul Ball, location: 2F
0-1: Ball
1-1: Ball
2-1: Swinging Strike
2-2: Foul Ball, location: 2F
2-2: Ball
3-2: Base on Balls
Josh Harrison to third
Brock Holt to second
Pitching: RHP Edwin Diaz
Batting: LHB Gregory Polanco 0-0: Ball
1-0: Called Strike
1-1: Ball
2-1: Swinging Strike
2-2: Ball
3-2: Foul Ball, location: 2F
3-2: Foul Ball, location: 2F
3-2: Strikes out swinging
Batting: RHB Xander Bogaerts 0-0: Ball
1-0: Hit by Pitch
Josh Harrison scores
Brock Holt to third
Welington Castillo to second
Batting: LHB Rougned Odor 0-0: Ball
1-0: Fielders Choice at 2nd, 6-4 (Groundball, 6)
Bottom of the 9th over - 1 run, 1 hit, 0 errors, 3 left on base; Boston 8 - Houston 4
Tuesday, August 7th, 2018 - OOTP Baseball 19.7 Build 59